 Dungeon Crawl Stone Soup version 0.29-a0-317-gd16b76e6b1 (webtiles) character file.

Game seed: 10361626225610979474

311 HotDog the Covered (level 6, -4/38 HPs)
             Began as a Gargoyle Fighter on Mar 30, 2022.
             Slain by Duvessa
             ... wielding a +4 rapier of draining
              (10 damage)
             ... on level 3 of the Dungeon.
             The game lasted 00:04:53 (3800 turns).

HotDog the Covered (Gargoyle Fighter)               Turns: 3800, Time: 00:04:54

Health: -4/38      AC: 11    Str: 22    XL:     6   Next: 42%
Magic:  7/7        EV: 12    Int:  8    God:
Gold:   239        SH:  9    Dex:  9    Spells: 5/5 levels left

rFire   . . .      SeeInvis .   a - +0 flail
rCold   . . .      Faith    .   l - +1 kite shield
rNeg    + . .      Spirit   .   b - +0 scale mail
rPois   ∞          Reflect  .   (no helmet)
rElec   +          Harm     .   (no cloak)
rCorr   .          Rampage  .   (no gloves)
Will    .....      Clarity  +   (no boots)
Stlth   ..........              (no amulet)
HPRegen 0.12/turn               i - +4 ring of evasion
MPRegen 0.10/turn               (no ring)

@: no status effects
A: sickness immunity, AC +4, negative energy resistance 1, electricity
resistance, torment resistance 1, petrification resistance, clarity
a: no special abilities


You were on level 3 of the Dungeon.
You visited 1 branch of the dungeon, and saw 4 of its levels.

You collected 239 gold pieces.

Inventory:

Hand Weapons
 a - a +0 flail (weapon)
Armour
 b - a +0 scale mail (worn)
 l - a +1 kite shield (worn)
Jewellery
 i - a +4 ring of evasion (left hand)
Wands
 g - a wand of digging (3)
Scrolls
 d - a scroll of enchant armour
 e - a scroll of holy word
 k - a scroll of identify {unknown}
 m - a scroll of noise {unknown}
 n - a scroll of torment {unknown}
Potions
 j - a potion of might


   Skills:
 * Level 4.0 Fighting
 * Level 4.2 Maces & Flails
 * Level 4.3 Armour
 * Level 1.3 Dodging
 * Level 4.2 Shields
 * Level 1.7 Invocations


You had 5 spell levels left.
You didn't know any spells.
Your spell library contained the following spells:

 Spells                   Type           Power      Damage    Failure   Level
 Ensorcelled Hibernation  Hex/Ice        0%         N/A       99%         2
 Passwall                 Tmut/Erth      0%         N/A       99%         2
 Swiftness                Air            0%         N/A       100%        3


Dungeon Overview and Level Annotations

Branches:
Dungeon (4/15)
 Temple: D:4-7

Altars:
Elyvilon
Kikubaaqudgha
Qazlal
Trog
Yredelemnul

Annotations:
D:3 2 transporters, Duvessa, Menkaure


Innate Abilities, Weirdness & Mutations

You are immune to sickness and miasma.
Your stone body is resilient. (AC +4)
You are immune to poison.
You resist negative energy. (rN+)
You are resistant to electric shocks. (rElec)
You are resistant to unholy torment.
You are immune to petrification.
You possess an exceptional clarity of mind.


Message History

You sock Dowan!
You kill Dowan!
Duvessa screams in rage.
Duvessa goes berserk!
You block Duvessa's attack.
Things that are here:
a +0 dagger; a +0 robe Duvessa rages.
Duvessa rages.
Okay, then.
You sock Duvessa!
Duvessa is heavily wounded.
Duvessa hits you with a +4 rapier of draining!
* * * LOW HITPOINT WARNING * * *
Duvessa hits you with a +4 rapier of draining!
* * * LOW HITPOINT WARNING * * *
Okay, then.
Blink to where?
Press: ? - help, Dir - move target
As you read the scroll of blinking, it crumbles to dust.
You hear a shout!
Things that are here:
a +2 dire flail of protection; a +0 robe You hear a shout!
Duvessa rages.
Duvessa rages.
Duvessa rages.
Your extra speed is starting to run out.
You feel yourself slow down.
You feel a little less mighty now.
Duvessa rages.
There is a stone staircase leading up here.
You block Duvessa's attack.
You climb upwards.
Level annotation: 2 transporters, Menkaure
There is a stone staircase leading down here.
As you read the scroll labelled WEID YLISEDA, it crumbles to dust.
The creatures around you are filled with an inner flame!
It was a scroll of immolation.
Duvessa hits you with a +4 rapier of draining!
You die...

..#......##........##
#.###..###..........#
#...#.###...........#
#.###.#.............#
..#...#.##..........#########
###.#...##..................#
#...###.###......).########.#
#.###...# ##...e..## #.## ..#
#.### ##.##@## #..# ### #.#
#.##.# ##.## #####.#
##.##.###########..# ##..)[#
#..................#
#..#########...#############..#
...............#WZn...?....#..#
..#.########...#.MZ.......[#..#
###...######.#.#..###.###.$#..##
###....##..#.#..#8#.#8#._#...#


You could see Duvessa (berserk, inner flame), a necrophage, a phantom, Menkaure,
a water moccasin zombie and a water moccasin skeleton.

Vanquished Creatures
  Blork the orc (D:4)
  Dowan (D:4)
  A jelly (D:4)
  Natasha (thrice) (D:2)
  3 worms
  A dart slug (D:3)
  An orc (D:2)
  6 ball pythons
  12 endoplasms
  A giant cockroach (D:2)
  8 goblins
  9 hobgoblins
  3 jackals (D:2)
  4 quokkas
  4 bats
  A frilled lizard (D:1)
  9 kobolds
  5 rats
73 creatures vanquished.

Notes
Turn   | Place    | Note
-------+----------+-------------------------------------------
     0 | D:1      | HotDog the Gargoyle Fighter began the quest for the Orb.
     0 | D:1      | Reached XP level 1. HP: 14/14 MP: 1/1
    81 | D:1      | Reached XP level 2. HP: 14/19 MP: 2/2
   407 | D:1      | Reached XP level 3. HP: 23/23 MP: 3/3
   681 | D:1      | Gained mutation: You possess an exceptional clarity of
                  | mind. [potion of mutation]
  2023 | D:2      | Found a white marble altar of Elyvilon.
  2076 | D:2      | Noticed Natasha
  2086 | D:2      | HP: 1/23 [worm (4)]
  2092 | D:2      | Killed Natasha
  2093 | D:2      | Reached XP level 4. HP: 22/28 MP: 4/4
  2095 | D:2      | Noticed Natasha
  2096 | D:2      | Reached skill level 1 in Invocations
  2136 | D:2      | Killed Natasha
  2189 | D:2      | Noticed Natasha
  2191 | D:3      | Found a faded altar of an unknown god.
  2195 | D:2      | Killed Natasha
  2196 | D:2      | Reached XP level 5. HP: 17/33 MP: 5/5
  2842 | D:3      | Found a transporter.
  2847 | D:3      | Found a transporter.
  2896 | D:3      | Reached skill level 1 in Dodging
  3143 | D:3      | Found a bloodstained altar of Trog.
  3151 | D:3      | Found a stormy altar of Qazlal.
  3159 | D:3      | Noticed an air elemental
  3162 | D:3      | Noticed a fire elemental
  3162 | D:3      | Noticed a water elemental
  3270 | D:3      | Noticed a phantom
  3271 | D:3      | Found an ancient bone altar of Kikubaaqudgha.
  3275 | D:3      | Noticed Menkaure
  3289 | D:3      | Found a basalt altar of Yredelemnul.
  3436 | D:4      | Noticed Blork the orc
  3447 | D:4      | Killed Blork the orc
  3448 | D:4      | Reached XP level 6. HP: 19/38 MP: 7/7
  3731 | D:4      | Noticed Dowan
  3734 | D:4      | Noticed Duvessa
  3744 | D:4      | Killed Dowan
  3800 | D:3      | Slain by Duvessa

Illustrated notes

Levels and vault maps discovered:
D:1:      lemuel_arrival_behind_the_door_small, layout_basic
D:2:      layout_loops_cross, basic_altar, uniq_natasha
D:3:      layout_rooms, gammafunk_temple_of_torment,
          nicolae_qazlal_style_of_elements, old_standard_altar,
          ebering_ecumenical_altar_rust, minmay_quantized
D:4:      layout_loops_ring, lemuel_round_altar, grunt_ministairs_3, uniq_pikel,
          uniq_blork_the_orc, uniq_ijyb, uniq_duvessa, uniq_sigmund

Skill      XL: |  1  2  3  4  5 |
---------------+----------------+-----
Armour         | 4 |  4.3
Invocations    | 1 |  1.7
Maces & Flails | 3 4 |  4.2
Shields        | 4 |  4.2
Dodging        | 1 |  1.3
Fighting       | 4 |  4.0

Action                   |  1- 3 |  4- 6 || total
-------------------------+-------+-------++-------
Melee: Flail             |   132 |    78 ||   210
  Use: Potion            |     7 |     2 ||     9
       Scroll            |     5 |     2 ||     7
Armor: Scale mail        |    72 |    18 ||    90
       Skin              |     2 |    11 ||    13
Dodge: Dodged            |    85 |    41 ||   126
Block: Buckler           |    10 |       ||    10
       Kite shield       |    42 |    38 ||    80

Table legend: (Time is in decaauts)
 A = Elapsed time spent in this place.
 B = Non-inter-level travel time spent in this place.
 C = Inter-level travel time spent in this place.
 D = Time resting spent in this place.
 E = Time spent auto-exploring this place.
 F = Levels seen in this place.
 G = Mean time per level.
                   A        B        C        D        E       F      G
               +--------+--------+--------+--------+--------+-----+--------+
         Total |   3850 |   3812 |     38 |   1035 |   2138 |   4 |  962.5 |
       Dungeon |   3850 |   3812 |     38 |   1035 |   2138 |   4 |  962.5 |
               +--------+--------+--------+--------+--------+-----+--------+

Top non-repeatable levels by time:
     D:1: 1451 daAuts
     D:2: 1326 daAuts
     D:3: 620 daAuts
     D:4: 451 daAuts
